[Event "1000GM Winter GM Norm-2 2024"]
[Site "Sunnyvale/"]
[Date "2024.01.06"]
[Round "6.6"]
[White "Shivakumar, Shawnak"]
[Black "Xu, Yi"]
[Result "1/2-1/2"]
[ECO "A45"]
[WhiteElo "2307"]
[BlackElo "2511"]
[Annotator "TA"]
[PlyCount "132"]
[EventDate "2023.12.14"]
[EventType "schev"]
[EventCountry "USA"]
[SourceTitle "playchess.com"]
[Source "ChessBase"]
[SourceQuality "1"]
[TimeControl "5400+30"]

1. d4 Nf6 2. Bf4 c5 3. d5 b5 4. e4 Nxe4 5. Qf3 Qa5+ 6. Nd2 $1 {[%emt 0:00:04] A45: Trompowsky Attack.} Nxd2 7. Bxd2 Qb6 8. a4 bxa4 {[%emt 0:02:20] [#]} ({Black should play} 8... Bb7 $11) 9. Nh3 $146 (9. Rxa4 Qxb2 10. Bd3 d6 $17) ({Predecessor:} 9. Bc3 d6 10. Rxa4 Nd7 11. Rf4 Nf6 12. g4 h6 13. h4 Ba6 14. Bxa6 Qxa6 15. Ne2 {1-0 Munkhgal,G (2450)-Makarian,R (2548) Titled Tuesday intern op 05th Sep Early blitz 2023 (5)}) 9... Qf6 10. Qg3 (10. Rxa4 Qxf3 11. gxf3 d6 $11) (10. Nf4 $1 $14 {stays ahead.}) 10... d6 $2 {[%emt 0:02:34] [#]} (10... Qxb2 $17 11. Qc3 Qxc3 12. Bxc3 Na6) 11. Bc3 $1 $16 (11. Rxa4 Qxb2 12. Qa3 Qb1+ 13. Bc1 g6 $17) 11... Qg6 12. Qe3 {[%emt 0:01:55] Against Qe4. White is more active.} (12. Rxa4 Qxc2 13. Ra1 Qe4+ 14. Be2 Bxh3 15. Qxh3 Nd7 $11) 12... e5 13. f4 (13. dxe6 $14 Qxe6 14. Nf4 {[%mdl 64] Pin} Qxe3+ 15. fxe3) 13... Be7 $11 {[%emt 0:04:29] Threatening ...0-0.} (13... Qxc2 $2 14. fxe5 Bf5 15. Ng5 $18) 14. fxe5 O-O $36 {[%emt 0:02:53][%mdl 2048] Black has the initiative.} 15. O-O-O Bf5 16. Bd3 Bxd3 17. Rxd3 Nd7 (17... Qxg2 $2 18. Rg1 $18) ({Black should try} 17... c4 $17 18. Rdd1 dxe5 19. Bxe5 Re8) 18. e6 fxe6 (18... Qxg2 $2 19. Rg1 $18) 19. dxe6 (19. Qxe6+ $17 Qxe6 20. dxe6) 19... Ne5 $1 $19 (19... Qxg2 $2 20. Rg1 $18) 20. Bxe5 dxe5 21. Qxe5 Qxg2 22. Rhd1 {[%emt 0:05:55] Rg3 would be deadly.} Bf6 23. Qd5 Qxd5 24. Rxd5 Rab8 25. c3 {[%emt 0:00:19] [#]} a3 $1 {[%emt 0:01:58][%mdl 576] Deflection} 26. bxa3 Bxc3 27. e7 (27. Rd7 $17) 27... Rfe8 28. Rd8 {[%emt 0:02:24] Strongly threatening Rxb8.} Bf6 (28... Bb2+ $19 29. Kc2 Bf6) 29. Rxb8 $17 Rxb8 {[%emt 0:00:02][%mdl 4096] Endgame KRB-KRN} 30. Rd7 Kf7 31. Rxa7 c4 ({Weaker is} 31... Bxe7 32. Ng5+ Kf6 33. Nxh7+ Ke6 34. h4 $15) 32. Rc7 Rb3 ({Stronger than} 32... Bxe7 33. a4 $15) 33. Nf2 Rxa3 34. Rxc4 Kxe7 35. Kd2 Ke6 36. Ke2 Be5 37. h4 Bf6 38. Rb4 Kf5 39. Rb5+ Ke6 (39... Kf4 $15 40. Rb4+ Kf5 41. Rb5+ Kf4 42. Rb4+ Ke5) 40. h5 (40. Rb4 $1 $11) 40... h6 41. Nd3 $1 Bg5 42. Rb7 Kf6 43. Nf2 Re3+ 44. Kf1 $1 Re7 45. Rb5 Bf4 46. Ng4+ Ke6 47. Kg2 Bd6 48. Nf2 Rf7 {[%emt 0:00:35] aiming for ...Rf5.} 49. Ne4 Be7 50. Kh3 Rf5 51. Rb6+ Ke5 (51... Kd7 $5 52. Rb7+ Ke6 $17) 52. Ng3 {[%emt 0:00:24] Threatens to win with Rb5+.} Rf4 53. Rg6 {[%emt 0:00:39] [#]} (53. Rb7 $15 Bf6 54. Ra7) 53... Bf6 (53... Rh4+ $1 $17 54. Kg2 Bf6) 54. Rg4 $15 Bg5 55. Ne2 Rf2 56. Ng3 Rf4 57. Ne2 Rf3+ 58. Ng3 Re3 59. Kg2 Kf6 60. Ra4 Re6 61. Kf3 g6 62. Ne4+ {[%emt 0:00:28] The position is equal.} Kg7 63. Nxg5 hxg5 64. hxg6 g4+ 65. Rxg4 Rxg6 66. Rxg6+ Kxg6 {[%emt 0:00:04] And White is the lucky defender.   Weighted Error Value: White=0.13 (very precise) /Black=0.16 (very precise)} 1/2-1/2

[Event "1000GM Winter GM Norm-2 2024"]
[Site "Sunnyvale/"]
[Date "2024.01.05"]
[Round "6.7"]
[White "Lou, Yiping"]
[Black "Sathish, Pranav"]
[Result "1/2-1/2"]
[ECO "C67"]
[WhiteElo "2447"]
[BlackElo "2357"]
[Annotator "RC"]
[PlyCount "52"]
[EventDate "2023.12.14"]
[EventType "schev"]
[EventCountry "USA"]
[SourceTitle "playchess.com"]
[Source "ChessBase"]
[SourceQuality "1"]
[TimeControl "5400+30"]

1. e4 e5 2. Nf3 Nc6 3. Bb5 Nf6 4. O-O Nxe4 5. Re1 Nd6 6. Nxe5 Be7 7. Bf1 Nxe5 8. Rxe5 O-O 9. d4 Bf6 10. Re1 Re8 11. Nc3 Rxe1 12. Qxe1 Bxd4 13. Bf4 Ne8 14. Nd5 c6 15. Ne7+ Kf8 16. Nxc8 Qf6 17. Qe4 Rxc8 18. Rd1 Bb6 19. Bg3 g6 20. Rxd7 Rc7 21. Rxc7 Nxc7 22. a4 Qxb2 23. Be5 Qa3 24. Qf4 Ne6 25. Bd6+ Kg8 26. Qxf7+ Kxf7 1/2-1/2

[Event "1000GM Winter GM Norm-2 2024"]
[Site "Sunnyvale/"]
[Date "2024.01.05"]
[Round "6.8"]
[White "Delgado Ramirez, Neuris"]
[Black "Liu, Eric"]
[Result "1/2-1/2"]
[ECO "C54"]
[WhiteElo "2517"]
[BlackElo "2332"]
[Annotator "TA"]
[PlyCount "107"]
[EventDate "2023.12.14"]
[EventType "schev"]
[EventCountry "USA"]
[SourceTitle "playchess.com"]
[Source "ChessBase"]
[SourceQuality "1"]
[TimeControl "5400+30"]

1. e4 e5 2. Nf3 Nc6 3. Bc4 Nf6 4. d3 Bc5 5. Bg5 h6 6. Bh4 d6 7. c3 {[%emt 0:00:16] now supersedes 7.h3.} a5 {[%emt 0:00:20] C54: Giuoco Piano: 4 c3 Nf6, main lines with 5 d4 and 5 d3.} 8. Nbd2 Ba7 {[%emt 0:00:18] [#]} 9. Nf1 $146 ({Predecessor:} 9. a4 O-O 10. h3 g5 11. Nxg5 hxg5 12. Bxg5 Kg7 13. Qf3 Be6 14. Rf1 Rh8 15. O-O-O {1-0 Caruana,F (2795)-Firouzja,A (2777) Saint Louis Blitz 2023 (6)}) 9... g5 10. Bg3 Be6 11. Bb5 O-O 12. Ne3 Ne7 13. Ba4 Ng6 14. Bc2 Nh5 15. Nf5 Bxf5 16. exf5 Ngf4 17. O-O Qf6 18. Bxf4 Nxf4 19. g3 Nd5 20. Bb3 {[%emt 0:03:20] White is weak on the dark squares} c6 (20... Ne7 $11) 21. d4 (21. Bxd5 $14 cxd5 22. Qb3) 21... exd4 $15 22. Bxd5 cxd5 23. Nxd4 Bxd4 24. Qxd4 Qxd4 25. cxd4 {[%emt 0:00:06][%mdl 4096] Endgame KRR-KRR} Rac8 26. Rfc1 Kg7 27. Rc3 Rxc3 28. bxc3 {[%emt 0:00:03] KR-KR} Rc8 29. Rb1 Rxc3 30. Rxb7 Rc4 31. Rb6 Rxd4 32. Rxd6 Ra4 (32... h5 $15) 33. Rxd5 $11 Rxa2 34. Rd6 a4 35. Ra6 a3 36. Kg2 h5 37. h3 g4 38. hxg4 hxg4 39. Kg1 Ra1+ 40. Kg2 a2 41. Ra5 Kf6 42. Ra7 ({White should play} 42. Kh2 $11 Ke7 43. Ra7+ Kd6 44. Ra6+ Kc5 45. f6) 42... Ke5 ({Black should try} 42... Kxf5 $15 43. Rxf7+ Kg5) 43. Ra5+ $1 {[%emt 0:00:11] The position is equal.} Kd6 44. Ra6+ Kc5 45. f6 $1 Kb5 46. Ra8 Kc4 47. Ra7 Kb3 48. Rb7+ $1 Kc3 49. Rc7+ $1 Kd4 {[%emt 0:00:05] [#] ( -> ...Rb1)} 50. Ra7 $1 Ke5 51. Ra6 Ke4 52. Ra4+ Kf5 53. Ra6 Ke5 54. Kh2 $1 {[%emt 0:00:14] Weighted Error Value: White=0.08 (flawless) /Black=0.09 (flawless)} 1/2-1/2

[Event "1000GM Winter GM Norm-2 2024"]
[Site "Sunnyvale/"]
[Date "2024.01.05"]
[Round "6.9"]
[White "Mosquera, Miguel"]
[Black "Nathan, Nitish"]
[Result "1-0"]
[ECO "B22"]
[WhiteElo "2365"]
[BlackElo "2190"]
[Annotator "RC"]
[PlyCount "125"]
[EventDate "2023.12.14"]
[EventType "schev"]
[EventCountry "USA"]
[SourceTitle "playchess.com"]
[Source "ChessBase"]
[SourceQuality "1"]
[TimeControl "5400+30"]

1. e4 c5 2. Nf3 Nc6 3. c3 Nf6 4. e5 Nd5 5. d4 cxd4 6. Bc4 Nb6 7. Bb3 d5 8. exd6 Qxd6 9. O-O Be6 10. Bxe6 Qxe6 11. Nxd4 Nxd4 12. Qxd4 Rd8 13. Qb4 Qc4 14. Qa5 Qa4 15. Qxa4+ Nxa4 16. b3 Nb6 17. Be3 Nc8 18. Nd2 e6 19. Nc4 Be7 20. Rad1 b6 21. Ne5 Bd6 22. Bf4 Bxe5 23. Bxe5 f6 24. Rxd8+ Kxd8 25. Rd1+ Ke7 26. Bc7 e5 27. c4 Ke6 28. f4 exf4 29. Bxf4 Re8 30. Kf2 g5 31. Bb8 h5 32. h3 Rg8 33. b4 Ne7 34. Bxa7 Ra8 35. Re1+ Kd7 36. Bxb6 Rxa2+ 37. Re2 Ra4 38. Bd4 Nc6 39. Bxf6 Rxb4 40. Re4 g4 41. hxg4 hxg4 42. Rxg4 Ke6 43. Bc3 Ra4 44. Re4+ Kf5 45. Kf3 Ra3 46. g4+ Kg5 47. Re3 Ra4 48. Re6 Ra3 49. Rxc6 Rxc3+ 50. Ke4 Kxg4 51. Kd4 Rc1 52. Rf6 Kg5 53. Rf8 Rc2 54. c5 Rd2+ 55. Ke5 Rc2 56. Rg8+ Kh6 57. Kd6 Rd2+ 58. Kc7 Rc2 59. c6 Rd2 60. Kc8 Rc2 61. c7 Rb2 62. Rg1 Rc2 63. Rd1 1-0

[Event "1000GM Winter GM Norm-2 2024"]
[Site "Sunnyvale/"]
[Date "2024.01.06"]
[Round "7.1"]
[White "Rajaram, Rohan"]
[Black "Miezis, Normunds"]
[Result "0-1"]
[ECO "B42"]
[WhiteElo "2151"]
[BlackElo "2419"]
[Annotator "RC"]
[PlyCount "97"]
[EventDate "2023.12.14"]
[EventType "schev"]
[EventCountry "USA"]
[SourceTitle "playchess.com"]
[Source "ChessBase"]
[SourceQuality "1"]
[TimeControl "5400+30"]

1. e4 c5 2. Nf3 e6 3. d4 cxd4 4. Nxd4 a6 5. Bd3 Nc6 6. Nxc6 bxc6 7. c4 e5 8. O-O Bc5 9. Qg4 Qf6 10. Qe2 Rb8 11. Nc3 Ne7 12. Rb1 Ng6 13. Be3 Nf4 14. Qd2 d6 15. a3 h5 16. Bxf4 exf4 17. Rfe1 Qe5 18. b4 Ba7 19. Nd5 Rh6 20. b5 axb5 21. cxb5 cxd5 22. exd5 Be3 23. fxe3 f3 24. gxf3 Qxd5 25. Qe2 Kf8 26. Kh1 Rf6 27. Be4 Qc5 28. Rec1 Qxa3 29. Qd2 d5 30. Bxd5 Bf5 31. Rb3 Qe7 32. Qd4 Rd6 33. Qf4 Be6 34. Bxe6 Qxe6 35. Rd3 Rdb6 36. Rc6 Qh3 37. Rd1 Rxb5 38. Qg3 Qxg3 39. hxg3 Rb3 40. Rc5 g6 41. Re5 Rb2 42. Re4 Re2 43. f4 Kg7 44. f5 g5 45. Rc4 Rbb2 46. e4 Rh2+ 47. Kg1 Rhg2+ 48. Kh1 Rxg3 49. e5 0-1

[Event "1000GM Winter GM Norm-2 2024"]
[Site "Sunnyvale/"]
[Date "2024.01.06"]
[Round "7.2"]
[White "Sheng, Joshua"]
[Black "Wang, Isaac"]
[Result "1/2-1/2"]
[ECO "B41"]
[WhiteElo "2461"]
[BlackElo "2316"]
[Annotator "TA"]
[PlyCount "100"]
[EventDate "2023.12.14"]
[EventType "schev"]
[EventCountry "USA"]
[SourceTitle "playchess.com"]
[Source "ChessBase"]
[SourceQuality "1"]
[TimeControl "5400+30"]

1. e4 c5 2. Nf3 e6 3. d4 cxd4 4. Nxd4 a6 5. c4 Nf6 6. Nc3 Bb4 7. Qd3 {[%emt 0:00:02] B41: Sicilian: Kan Variation: 5 c4.} O-O 8. e5 {[%emt 0:04:32] 8.e5 scores better than 8.Be2.} Ne8 9. a3 {[%emt 0:01:33] White is slightly better.} Bxc3+ 10. Qxc3 d6 {[%emt 0:00:25] Black is weak on the dark squares} 11. exd6 e5 12. Nf3 {[%emt 0:01:02] Threatens to win with c5.} Nxd6 13. Be2 (13. Qxe5 $2 {too greedy.} Re8 $19) 13... Nc6 14. O-O {[%emt 0:02:21] [#]} Qf6 $146 ({Predecessor:} 14... Bg4 15. Re1 {½-½ Santos Ruiz,M (2597)-Iermito,S (2525) Menorca op 1st 2022 (7)}) 15. b3 Bg4 16. Bb2 Rad8 17. Rae1 (17. Rfe1 $11 {remains equal.}) 17... Ne4 $17 18. Qe3 {[%emt 0:07:09] [#]} Bxf3 19. Bxf3 Nd2 20. Bd5 Nxf1 21. Rxf1 Qf4 22. Qb6 (22. Qe2 $17 {keeps fighting.}) 22... Nd4 (22... Rd7 $19 23. g3 Qd2 24. Bxc6 Qh6 {[%mdl 64] Pin}) 23. Bxd4 exd4 24. Rd1 {[%emt 0:00:23][%cal Bf1d1,Bd1d4,Bd4e4,Be4e7][%mdl 32] Prevents Qd2.} Qd6 25. Qxd6 Rxd6 26. Rxd4 {[%emt 0:00:06][%cal Od5f7][%mdl 4096] Endgame aiming for Bxf7+! KRR-KRB} Rfd8 27. g3 g6 28. Kf1 Kg7 29. Re4 b5 30. Re7 R8d7 31. Re8 bxc4 32. Bxc4 Rd1+ 33. Kg2 Ra1 34. Bxa6 Rxa3 35. Bc4 Ra2 {[%emt 0:00:22] ...Rdd2 would be deadly.} 36. Re3 Rb2 37. h4 Rdd2 38. Rf3 f5 39. h5 Kh6 40. hxg6 hxg6 41. Kg1 Kg5 42. Kg2 Rd4 43. Re3 Rdd2 {[%emt 0:01:59] Inhibits Re2.} 44. Rf3 Kf6 ({Better is} 44... Ra2 $17 45. Bd3 Kh6) 45. g4 $15 Kg5 46. gxf5 gxf5 47. Rg3+ Kf6 48. Rf3 Kg5 ({Black should try} 48... Rd4 $17 49. Rc3 Kg5 50. Rg3+ Kf4) 49. Rg3+ $11 Kf6 (49... Kf4 $11 50. Rf3+ Kg5) 50. Rf3 $17 {[%emt 0:00:04] [#]} Kg5 {[%emt 0:00:51] White happily takes the draw.   Weighted Error Value: White=0.11 (very precise) /Black=0.18 (very precise)} ({Black should play} 50... Rd4 $1 $17 51. Rc3 Re4) 1/2-1/2

[Event "1000GM Winter GM Norm-2 2024"]
[Site "Sunnyvale/"]
[Date "2024.01.06"]
[Round "7.4"]
[White "Galyas, Miklos"]
[Black "Amburgy, Ryan"]
[Result "1/2-1/2"]
[ECO "D02"]
[WhiteElo "2423"]
[BlackElo "2200"]
[Annotator "RC"]
[PlyCount "63"]
[EventDate "2023.12.14"]
[EventType "schev"]
[EventCountry "USA"]
[SourceTitle "playchess.com"]
[Source "ChessBase"]
[SourceQuality "1"]
[TimeControl "5400+30"]

1. d4 Nf6 2. Nf3 d5 3. Bf4 c5 4. e3 Nc6 5. Nbd2 cxd4 6. exd4 Qb6 7. Nb3 Bf5 8. a4 a6 9. a5 Qd8 10. c3 e6 11. Ne5 Nxe5 12. Bxe5 Be7 13. Be2 O-O 14. O-O Rc8 15. Bxf6 gxf6 16. Bd3 Bxd3 17. Qxd3 Kh8 18. f4 Rg8 19. Nd2 Qc7 20. g3 Bd6 21. Kh1 Rg4 22. Nf3 Qc4 23. Qxc4 Rxc4 24. Ne1 Rg8 25. Nd3 f5 26. Rac1 Rgc8 27. Kg2 Kg7 28. Kf3 Ra4 29. Ra1 Rxa1 30. Rxa1 Kf6 31. Ke3 h5 32. Rc1 1/2-1/2

[Event "1000GM Winter GM Norm-2 2024"]
[Site "Sunnyvale/"]
[Date "2024.01.06"]
[Round "7.5"]
[White "Xu, Yi"]
[Black "Guo, Andrew"]
[Result "1/2-1/2"]
[ECO "B31"]
[WhiteElo "2511"]
[BlackElo "2255"]
[Annotator "TA"]
[PlyCount "41"]
[EventDate "2023.12.14"]
[EventType "schev"]
[EventCountry "USA"]
[SourceTitle "playchess.com"]
[Source "ChessBase"]
[SourceQuality "1"]
[TimeControl "5400+30"]

1. e4 c5 2. Nf3 Nc6 3. Bb5 g6 4. Bxc6 dxc6 5. d3 Bg7 6. h3 Nf6 7. Nc3 Nd7 8. Be3 e5 9. Qd2 h6 {[%emt 0:00:24] B31: Sicilian: 2...Nc6 3 Bb5 g6.} 10. Nh2 Qe7 11. O-O Nf8 {[%emt 0:00:01] The position is equal.} 12. f4 exf4 13. Bxf4 Ne6 14. Bg3 Qg5 {[%emt 0:00:05] Inhibits e5.} 15. Qe1 O-O (15... Nd4 {with more complications.} 16. Qf2 O-O 17. Bd6 Bxh3 18. Bf4 Qxg2+ 19. Qxg2 Bxg2 20. Kxg2 Nxc2 21. Rad1 b6) 16. e5 (16. Bd6 {seems wilder.} Nd4 17. h4 Qd8 18. Bxf8 Qxf8 19. Qf2) 16... Nd4 17. Ne4 Qe7 18. Qd2 Nf5 {[%emt 0:03:42] [#]} ({Black should play} 18... c4 $1 $14) 19. Rae1 $146 {[%emt 0:15:27] White is more active.} ({Better is} 19. Bf4 $16) ({Predecessor:} 19. Bf2 b6 20. Ng4 h5 21. Ngf6+ Kh8 22. g4 Qxe5 23. gxf5 Bxf6 24. Bg3 Qd4+ 25. Kh1 Kg7 26. Nxf6 Qxf6 27. fxg6 Qxg6 {1-0 Zierk,S (2499)-Azaladze,S (2439) Titled Tuesday intern op 4th Aug 2pm blitz 2020 (4)}) 19... Nxg3 $14 20. Nxg3 Be6 21. Nf3 {[%emt 0:09:04] Weighted Error Value: White=0.12 (very precise) /Black=0.15 (very precise)} ({White should try} 21. Ne4 $14) 1/2-1/2

[Event "1000GM Winter GM Norm-2 2024"]
[Site "Sunnyvale/"]
[Date "2024.01.06"]
[Round "7.6"]
[White "Delgado Ramirez, Neuris"]
[Black "Shivakumar, Shawnak"]
[Result "1-0"]
[ECO "B10"]
[WhiteElo "2517"]
[BlackElo "2307"]
[Annotator "TA"]
[PlyCount "93"]
[EventDate "2023.12.14"]
[EventType "schev"]
[EventCountry "USA"]
[SourceTitle "playchess.com"]
[Source "ChessBase"]
[SourceQuality "1"]
[TimeControl "5400+30"]

1. c4 c6 2. e4 d5 3. cxd5 cxd5 4. exd5 Nf6 5. Nc3 Nxd5 6. Nf3 Nc6 7. Bc4 Nb6 8. Bb3 Bf5 9. d4 e6 10. O-O Be7 11. Be3 O-O 12. Ne5 {[%emt 0:00:36] B10: Caro-Kann: 2 d3 and 2 c4.} Nxe5 13. dxe5 Qc7 14. Qf3 {[%emt 0:00:07] [#] The position is equal.} Qxe5 $146 ({Predecessor:} 14... Nd7 15. Nd5 exd5 16. Qxf5 g6 17. Rac1 Nc5 18. Qf3 Rad8 19. Bxd5 Qa5 20. Bh6 Nd3 21. Bxf8 Nxe5 {1-0 Mortensen,E (2445)-Pedersen,F (2266) DEN-chT 9900 1999 (2.3)}) 15. Qxb7 Bd6 16. g3 {[%emt 0:00:05] Active counter play!} Bb4 17. Rfe1 Bxc3 {[%emt 0:14:58] [#]} 18. Bd2 {[%emt 0:02:31][%mdl 64] Discovered Attack} Qf6 (18... Qb8 19. Qxb8) 19. Bxc3 Qg6 {[%emt 0:00:29] Black is weak on the dark squares} 20. Rad1 Bg4 (20... Bc2 $11 {remains equal.}) 21. Rd4 Qh5 {[%emt 0:01:02] [#]} (21... h6 $14) 22. Re5 $3 $18 {[%emt 0:11:19][%mdl 576] Deflection} Qg6 (22... Qxe5 $2 23. Rxg4 Rfb8 24. Qe7 $18 (24. Rxg7+ $2 Qxg7 25. Qe4 e5 $19) (24. Bxe5 Rxb7 25. Rxg7+ Kf8 $14)) (22... Bf3 23. Rxh5) 23. h4 $1 h6 {[%emt 0:05:46][%cal Ob6d5] [#] Against Rg5} 24. Rg5 hxg5 25. Rxg4 Qb1+ 26. Kg2 Rac8 27. Rxg5 Rxc3 28. bxc3 Nc4 29. Rg4 (29. Qxa7 $6 Qe4+ 30. f3 Qe2+ 31. Qf2 Ne3+ 32. Kg1 Qd3 $16) (29. Qf3 $1 $18 Nd6 30. Re5) 29... Nd2 $16 {[%emt 0:06:36] [#]} 30. Qb5 {[%emt 0:00:33] Prevents Qf1+.} a6 31. Qxa6 {[%emt 0:04:12] Rb4 is the strong threat.} Rd8 (31... Nxb3 $16 32. axb3 Qxb3) 32. Rb4 {[%emt 0:08:23][%cal Ob3e6] Bxe6! would be deadly.} Qe1 (32... Qa1 $16 {was necessary.} 33. Rd4 Rxd4 34. cxd4 Qxd4) 33. h5 $2 (33. Bc2 $18 {and White stays clearly on top. Threatens to win with Rd4.} Rf8 34. Rd4) 33... Rd6 {[%emt 0:01:23][%mdl 8192] [#] Dodges Rd4. A mistake that costs the game.} 34. Bc2 $1 g6 (34... Rd8 35. Rd4) 35. Qb5 (35. Qxd6 $2 {is a self mate.} Qf1+ 36. Kh2 Nf3#) (35. Qa8+ $142 Kg7 36. h6+ Kf6 37. Rf4+ {[%mdl 64] Skewer} Ke5 38. Qh8+ f6 39. Qxf6+ Kd5 40. Qd4+ Kc6 41. Ba4+ Kb7 42. Rf7+ Kc8 43. Qc5+ Kb8 44. Qxd6+ Kc8 45. Qf8#) 35... Kg7 $18 36. Rd4 {[%emt 0:01:08] Wards off Rd5} Rd5 37. Rxd5 exd5 38. hxg6 ({Weaker is} 38. Qxd5 Qf1+ 39. Kh2 Qxf2+ 40. Kh3 Nf3 41. hxg6 Qf1+ 42. Kg4 Nh2+ 43. Kh4 Nf3+ 44. Kg4 Nh2+ 45. Kh4 Nf3+ 46. Kg4 $11) 38... Ne4 39. Bxe4 (39. Qxd5 $2 {leads to mate.} Qxf2+ 40. Kh3 Qxg3#) 39... Qxe4+ {[%emt 0:00:09][%mdl 4096] Endgame KQ-KQ} 40. Kh2 {[%emt 0:00:08] Hoping for gxf7.} Kxg6 41. a4 {[%emt 0:00:54] aiming for a5.} Kh5 42. Qb4 Qc2 43. Qd4 (43. Kg2 $142 Qa2 44. a5) 43... Qa2 44. Qf6 Qxa4 45. f3 {[%emt 0:00:35][%cal Oh2h3] Threatening mate with Kh3!} Qc2+ 46. Kh3 Qg6 47. Qh4# {[%emt 0:00:06] A superb game by Delgado Ramirez.   Weighted Error Value: White=0.47/Black=0.39} 1-0

[Event "1000GM Winter GM Norm-2 2024"]
[Site "Sunnyvale/"]
[Date "2024.01.06"]
[Round "7.7"]
[White "Liu, Eric"]
[Black "Lou, Yiping"]
[Result "0-1"]
[ECO "C11"]
[WhiteElo "2332"]
[BlackElo "2447"]
[Annotator "RC"]
[PlyCount "124"]
[EventDate "2023.12.14"]
[EventType "schev"]
[EventCountry "USA"]
[SourceTitle "playchess.com"]
[Source "ChessBase"]
[SourceQuality "1"]
[TimeControl "5400+30"]

1. e4 e6 2. d4 d5 3. Nc3 Nf6 4. e5 Nfd7 5. f4 c5 6. Nf3 Nc6 7. Be3 cxd4 8. Nxd4 Qb6 9. a3 Bc5 10. Na4 Qa5+ 11. c3 Bxd4 12. Bxd4 Nxd4 13. Qxd4 b6 14. Qb4 Qxb4 15. axb4 Ke7 16. b3 Bb7 17. Bb5 Rhc8 18. Kf2 Bc6 19. Ba6 Rc7 20. b5 Bb7 21. Bxb7 Rxb7 22. c4 dxc4 23. bxc4 a5 24. bxa6 Rxa6 25. Nc3 Rxa1 26. Rxa1 Rc7 27. Ra4 Nc5 28. Ra2 g5 29. Nb5 Ne4+ 30. Ke3 Rxc4 31. Kd3 Rb4 32. Nd4 Nc5+ 33. Kc3 Ra4 34. Rxa4 Nxa4+ 35. Kb4 Nc5 36. fxg5 Nd3+ 37. Kb5 Nxe5 38. Kxb6 Kd6 39. Ne2 Ng4 40. h4 Ne3 41. g3 e5 42. Kb7 Nf5 43. Kc8 Ke7 44. Kc7 Ke6 45. Kd8 f6 46. gxf6 Kxf6 47. Kd7 h5 48. Ke8 e4 49. Kf8 Ne7 50. Ke8 Ng6 51. Nc3 Kf5 52. Kf7 e3 53. Kg7 Ne7 54. Kf7 Nc6 55. Ne2 Kg4 56. Kg6 Ne7+ 57. Kf6 Nf5 58. Nc1 Nd4 59. Nd3 e2 60. Kg6 Nf3 61. Nf2+ Kxg3 62. Ne4+ Kxh4 0-1

[Event "1000GM Winter GM Norm-2 2024"]
[Site "Sunnyvale/"]
[Date "2024.01.06"]
[Round "7.8"]
[White "Sathish, Pranav"]
[Black "Mosquera, Miguel"]
[Result "1/2-1/2"]
[ECO "A12"]
[WhiteElo "2357"]
[BlackElo "2365"]
[Annotator "RC"]
[PlyCount "61"]
[EventDate "2023.12.14"]
[EventType "schev"]
[EventCountry "USA"]
[SourceTitle "playchess.com"]
[Source "ChessBase"]
[SourceQuality "1"]
[TimeControl "5400+30"]

1. Nf3 Nf6 2. b3 d5 3. Bb2 Bf5 4. g3 h6 5. Bg2 e6 6. O-O Be7 7. d3 O-O 8. c4 c6 9. Nbd2 Nbd7 10. Qc2 Bh7 11. a3 a5 12. Ne5 Nxe5 13. Bxe5 Qb6 14. Qb2 Rfd8 15. Nf3 c5 16. cxd5 exd5 17. Nd2 Qe6 18. d4 Ng4 19. Bh3 Qg6 20. Bxg4 Qxg4 21. Rfe1 Rac8 22. Nf3 Be4 23. Nd2 Bh7 24. Nf3 cxd4 25. Nxd4 Bc5 26. Rac1 f6 27. Bf4 Bxd4 28. Qxd4 Rxc1 29. Rxc1 Qxe2 30. Qe3 Qxe3 31. fxe3 1/2-1/2

[Event "1000GM Winter GM Norm-2 2024"]
[Site "Sunnyvale/"]
[Date "2024.01.06"]
[Round "7.9"]
[White "Nathan, Nitish"]
[Black "Nagy, Gabor"]
[Result "0-1"]
[ECO "A48"]
[WhiteElo "2190"]
[BlackElo "2450"]
[Annotator "RC"]
[PlyCount "94"]
[EventDate "2023.12.14"]
[EventType "schev"]
[EventCountry "USA"]
[SourceTitle "playchess.com"]
[Source "ChessBase"]
[SourceQuality "1"]
[TimeControl "5400+30"]

1. d4 Nf6 2. Bf4 d6 3. e3 g6 4. Nf3 Bg7 5. h3 O-O 6. Be2 c5 7. O-O Qb6 8. Nbd2 cxd4 9. exd4 Be6 10. Qc1 Rc8 11. c3 Nc6 12. Bh2 Bh6 13. Qb1 Rab8 14. Bd3 Qd8 15. Ne4 Nxe4 16. Bxe4 Na5 17. Re1 Bd7 18. Bd3 b5 19. a3 Nb3 20. Ra2 a5 21. Bc2 Nd2 22. Nxd2 Bxd2 23. Rd1 Bg5 24. Be4 b4 25. axb4 axb4 26. Qa1 Be6 27. Ra5 Bh6 28. Bc2 Rc7 29. Bd3 Bb3 30. Rb1 bxc3 31. bxc3 Bd2 32. Ra7 Bxc3 33. Qa3 Rxa7 34. Qxa7 Ra8 35. Qb7 Ba2 36. Rd1 Bxd4 37. Be4 Ra7 38. Qb4 Bf6 39. Bf4 Be6 40. Kh2 Rc7 41. Qa5 Rc8 42. Qe1 Qb6 43. Bf3 Rc2 44. Be3 Qc7 45. Kg1 Bc3 46. Bd2 Rxd2 47. Rxd2 Qa5 0-1

[Event "1000GM Winter GM Norm-2 2024"]
[Site "Sunnyvale/"]
[Date "2024.01.06"]
[Round "8.1"]
[White "Figueredo Losada, Leonel"]
[Black "Rajaram, Rohan"]
[Result "1-0"]
[ECO "A11"]
[WhiteElo "2381"]
[BlackElo "2151"]
[Annotator "RC"]
[PlyCount "111"]
[EventDate "2023.12.14"]
[EventType "schev"]
[EventCountry "USA"]
[SourceTitle "playchess.com"]
[Source "ChessBase"]
[SourceQuality "1"]
[TimeControl "5400+30"]

1. Nf3 d5 2. g3 g6 3. c4 c6 4. Qa4 dxc4 5. Qxc4 Bg7 6. Bg2 Nf6 7. O-O O-O 8. d3 Nbd7 9. Qc2 Re8 10. Nbd2 Nb6 11. e4 e5 12. b3 Qc7 13. Bb2 Bg4 14. h3 Bxf3 15. Nxf3 Rad8 16. Rfd1 Nfd7 17. b4 Nf8 18. a4 Ne6 19. Rac1 Rc8 20. Qb3 Qd6 21. h4 Nd7 22. Bh3 Rcd8 23. Rc2 Bf8 24. Bc3 c5 25. b5 Nd4 26. Bxd4 exd4 27. Ng5 Re7 28. f4 h6 29. e5 Qc7 30. Nxf7 Rxf7 31. e6 Re7 32. exd7+ Kg7 33. Qd5 Qb6 34. Kf2 Re3 35. Re2 Rxe2+ 36. Kxe2 Qc7 37. Kf3 b6 38. Re1 Qd6 39. Qc6 Qxc6+ 40. bxc6 Bd6 41. Ke4 Bc7 42. Kd5 Kf7 43. Re6 g5 44. fxg5 hxg5 45. hxg5 Rg8 46. g6+ Rxg6 47. Rxg6 Kxg6 48. Ke6 c4 49. dxc4 Kg7 50. Ke7 d3 51. d8=Q Bxd8+ 52. Kxd8 d2 53. Bg4 Kf6 54. c7 Kg5 55. Bd1 Kf6 56. c8=Q 1-0

[Event "1000GM Winter GM Norm-2 2024"]
[Site "Sunnyvale/"]
[Date "2024.01.06"]
[Round "8.3"]
[White "Wang, Isaac"]
[Black "Galyas, Miklos"]
[Result "1/2-1/2"]
[ECO "D37"]
[WhiteElo "2316"]
[BlackElo "2423"]
[Annotator "RC"]
[PlyCount "57"]
[EventDate "2023.12.14"]
[EventType "schev"]
[EventCountry "USA"]
[SourceTitle "playchess.com"]
[Source "ChessBase"]
[SourceQuality "1"]
[TimeControl "5400+30"]

1. d4 d5 2. c4 e6 3. Nc3 h6 4. Nf3 Nf6 5. g3 Nc6 6. Bg2 Bd6 7. O-O O-O 8. b3 Re8 9. Bb2 dxc4 10. bxc4 e5 11. d5 Na5 12. Nd2 b6 13. Rc1 Ba6 14. Qa4 Qd7 15. Rfd1 Qxa4 16. Nxa4 Nd7 17. e3 Rad8 18. Bf1 Nb7 19. Ne4 Nbc5 20. Nac3 Nxe4 21. Nxe4 Nc5 22. Nxd6 cxd6 23. f3 Rc8 24. e4 Rc7 25. Kf2 Bc8 26. Ke3 f5 27. Be2 fxe4 28. fxe4 Rf8 29. Rf1 1/2-1/2